[Event "*** Titled Tuesday Blitz"]
[Site "Chess.com"]
[Date "2021.02.02"]
[Round "7"]
[White "davidkalashian"]
[Black "Vusatiuk_Vladimir"]
[Result "1-0"]
[WhiteElo "2573"]
[BlackElo "2396"]
[TimeControl "180+1"]
[EndTime "11:20:19 PST"]
[Termination "davidkalashian won by checkmate"]

1. d4 e5 2. dxe5 Nc6 3. Nf3 Qe7 4. Nc3 Nxe5 5. e4 Nf6 6. Bf4 d6 7. Be2 h6 8. O-O g5 9. Bg3 Bg7 10. Re1 O-O 11. Nd4 c6 12. h3 Ng6 13. Bf1 Rd8 14. Nf5 Bxf5 15. exf5 Ne5 16. f4 gxf4 17.
Bxf4 Re8 18. Qd2 Kh7 19. Rad1 Rad8 20. Kh1 Qd7 21. Bxe5 Rxe5 22. Rxe5 dxe5 23. Qxd7 Rxd7 24. Rxd7 Nxd7 25. Ne4 Bf8 26. Bc4 Kg7 27. g4 Nc5 28. Ng3 b5 29. Nh5+ Kg8 30. Be2 Be7 31. Kg2 Ne4 32.
Bf3 Nf6 33. Nxf6+ Bxf6 34. Bxc6 b4 35. Be4 Kg7 36. Kf2 h5 37. c4 hxg4 38. hxg4 Kf8 39. b3 Be7 40. Kf3 f6 41. Bc6 Bc5 42. Ke4 Ke7 43. Kd5 Bd4 44. Bb5 a5 45. c5 Be3 46.
Bd3 Kd7 47. Be4 Kc7 48. c6 Bg5 49. Kc5 Be3+ 50. Kb5 Bb6 51. g5 fxg5 52. f6 Kd6 53. Kxb6 g4 54. f7 Ke7 55. f8=Q+ Kxf8 56. c7 g3 57.
c8=Q+ Ke7 58. Qf5 g2 59. Qxe5+ Kd7 60. Bxg2 Kd8 61. Bc6 Kc8 62. Qe8# 1-0

[Event "*** Titled Tuesday Blitz"]
[Site "Chess.com"]
[Date "2021.02.02"]
[Round "7"]
[White "poliplaza"]
[Black "GumisGLHF"]
[Result "1-0"]
[WhiteElo "2510"]
[BlackElo "2359"]
[TimeControl "180+1"]
[EndTime "11:20:20 PST"]
[Termination "poliplaza won by resignation"]

1. d4 Nf6 2. c4 Nc6 3. Nf3 d6 4. d5 Ne5 5. Nxe5 dxe5 6. Nc3 e6 7. e4 exd5 8. cxd5 Bc5 9. Be2 O-O 10. O-O a6 11. Bg5 h6 12. Bh4 b5 13. Rc1 g5 14.
Bg3 Bd6 15. h4 Kg7 16. a3 Bd7 17. Qd2 Kg6 18. Qe3 Nh5 19. Bxh5+ Kxh5 20. hxg5 hxg5 21. a4 Kg6 22. axb5 axb5 23. Qd3 Rb8 24. f3 b4 25. Ne2 Bb5 26. Qd2 Rh8 27. Qc2 Qf8 28. f4 gxf4 29. Nxf4+ Kg7 30. Ne6+ fxe6 31. Rxf8 Rbxf8 32. Bf2 exd5 33. exd5 Rh6 34. Bc5 Rhf6 35. Bxd6 cxd6 36.
Qd2 R8f7 37. Qxb4 Bd3 38. Qg4+ Bg6 39. Kh2 e4 40. Qg3 Re7 41. Re1 Rf5 42. Re3 Rh5+ 43. Kg1 Rf5 44. b4 Ref7 45. b5 Rf1+ 46. Kh2 Rf8 47. Qxd6 Rh8+ 48. Kg3 Rg8 49. Qe5+ Kh7 50. Kh2 Bf7 51. Rh3+ Kg6 52. Rg3+ Kh7 53. Qxe4+ Bg6 54. Qe7+ Rg7 55. Qh4+ Kg8 56. d6 Rh7 57. Rxg6+ Kh8 58. Qxh7+ Kxh7 59. Rg3 Rd1 60. Rb3 Rxd6 61. b6 Rd8 62. b7 Rb8 63. Kg3 Kg6 64. Kf4 Kf6 65. g4 Ke6 66. g5 Kd6 67. Kf5 Kd7 68. Kf6 Rg8 69. g6 Rf8+ 70. Kg7 1-0

[Event "*** Titled Tuesday Blitz"]
[Site "Chess.com"]
[Date "2021.02.02"]
[Round "7"]
[White "Vamostodorecto"]
[Black "ohajek96"]
[Result "0-1"]
[WhiteElo "2422"]
[BlackElo "2260"]
[TimeControl "180+1"]
[EndTime "11:20:21 PST"]
[Termination "ohajek96 won on time"]

1. d4 d5 2. c4 c6 3. Nc3 Nf6 4. Nf3 dxc4 5. a4 Bf5 6. Ne5 Nbd7 7. Nxc4 Qc7 8. g3 e5 9. dxe5 Nxe5 10. Bf4 Nfd7 11. Qc1 g5 12. Bxe5 Nxe5 13. Qxg5 Nxc4 14. Qxf5 Nxb2 15. Rb1 Bg7 16. Qc2 Qa5 17. Rc1 Nxa4 18. Qe4+ Kf8 19. Bh3 Nxc3 20. Qc2 Na2+ 21. Kf1 Nxc1 22.
Qxc1 Bf6 23. Kg2 Kg7 24. Qf4 Qg5 25. Qc7 Qd5+ 26. f3 b5 27. Rc1 Rhe8 28. Re1 b4 29. Bg4 b3 30. e4 Qd2+ 31. Kf1 Qd3+ 32. Kg2 b2 33. Bh5 Re7 34. Qxc6 b1=Q 35. Rxb1 Qxb1 36. Qxa8 Qc2+ 37. Kh3 Qc7 38. Qd5 Qd7+ 39. Qxd7 Rxd7 40. Bg4 Rb7 41. f4 a5 42. e5 Be7 43.
Bf3 Rb8 44. f5 a4 45. f6+ Bxf6 46. exf6+ Kxf6 47. Bd5 a3 48. Kg4 Rb2 49. h4 a2 50.
Bxa2 Rxa2 51. Kh5 Ra5+ 52. Kh6 Ra3 53. g4 Ra4 54. g5+ Ke7 55. h5 Rh4 0-1

[Event "*** Titled Tuesday Blitz"]
[Site "Chess.com"]
[Date "2021.02.02"]
[Round "7"]
[White "Politov_Pavel"]
[Black "markowskitomasz"]
[Result "0-1"]
[WhiteElo "2427"]
[BlackElo "2648"]
[TimeControl "180+1"]
[EndTime "11:20:24 PST"]
[Termination "markowskitomasz won by checkmate"]

1. e4 c5 2. Nf3 Nc6 3. d4 cxd4 4. Nxd4 e5 5. Nb5 d6 6. c4 Be6 7. N1c3 a6 8. Na3 Nf6 9. g3 Rc8 10. Nc2 Na5 11. Ne3 Nxc4 12. Nxc4 Bxc4 13. Qa4+ Qd7 14. Bh3 Qxa4 15. Nxa4 Rc6 16. Bg2 Be7 17. Bg5 O-O 18.
Bxf6 Bxf6 19. Nc3 b5 20. Nd5 Bxd5 21. exd5 Rc2 22. b3 e4 23. Rd1 Bc3+ 24. Kf1 f5 25. g4 fxg4 26. Bxe4 Rfxf2+ 27. Kg1 Rxa2 28. Rc1 b4 29. Rf1 Rxf1+ 30. Kxf1 g6 31. Rg1 Rxh2 32. Rxg4 Rb2 33. Bd3 Rxb3 34. Bxa6 Ra3 35. Bc4 b3 36. Ke2 b2 37. Bd3 Ra1 38. Rc4 b1=Q 39. Bxb1 Rxb1 40.
Rxc3 Rb5 41. Rd3 Kf7 42. Kf3 Kf6 43. Ke4 Rb4+ 44. Ke3 Ke5 45. Kf3 Rd4 46. Ra3 Rxd5 47. Ra7 h5 48. Rg7 Kf5 49. Rg8 Rd3+ 50. Ke2 Ra3 51.
Rd8 Ra6 52. Re8 h4 53. Kf3 Ra3+ 54. Kg2 g5 55. Re7 Kg4 56. Re4+ Kh5 57. Rd4 Ra2+ 58. Kf3 g4+ 59. Kf4 Rf2+ 60. Ke3 Rf3+ 61. Ke2 Rf6 62. Rd5+ Kg6 63. Rd4 Kg5 64. Rd5+ Kf4 65. Rd4+ Kg3 66. Rd3+ Kh2 67. Rd4 Kh3 68. Rd5 g3 69. Rg5 g2 70.
Rf5 Rxf5 71. Ke3 g1=Q+ 72. Ke4 Qg4+ 73. Kd3 Rf3+ 74. Ke2 Qg2+ 75. Ke1 Rf1# 0-1

[Event "*** Titled Tuesday Blitz"]
[Site "Chess.com"]
[Date "2021.02.02"]
[Round "7"]
[White "TigrVShlyape"]
[Black "DamianoLew95"]
[Result "1/2-1/2"]
[WhiteElo "2834"]
[BlackElo "2596"]
[TimeControl "180+1"]
[EndTime "11:20:30 PST"]
[Termination "Game drawn by repetition"]

1. d4 d5 2. Nf3 Nf6 3. Bf4 c5 4. e3 Nc6 5. Nbd2 Qb6 6. dxc5 Qxb2 7. Rb1 Qc3 8. Bb5 g6 9. O-O Bg7 10. Nd4 Bd7 11. N2b3 a6 12. Bxc6 bxc6 13. Be5 Qc4 14. Qd3 Qxd3 15. cxd3 O-O 16. Na5 Rfc8 17. Rb7 Be8 18.
Rxe7 Nd7 19. Bxg7 Kxg7 20. Rc1 Kf8 21. Ndxc6 Nf6 22. Rxe8+ Kxe8 23. Rb1 Rc7 24. d4 Rac8 25.
Ne5 Ne4 26. f3 Nxc5 27. dxc5 Rxc5 28. Nb3 Rc2 29. Nd4 Rxa2 30. Nec6 a5 31. Rb7 a4 32. Ra7 a3 33. h4 h5 34. Kh2 Ra1 35. Kg3 a2 36. Kf4 Rc1 37. Rxa2 R1xc6 38. Nxc6 Rxc6 39. Ke5 Rc3 40. Kd4 Rb3 41. g3 Ke7 42. Ra5 Ke6 43. Ra6+ Ke7 44. Ra5 Ke6 45. Ra6+ Ke7 46. Rc6 Ra3 47.
Rc5 Ke6 48. Rc6+ Ke7 49. Rb6 Ra2 50. Kxd5 Rg2 51. Ke5 Rxg3 52. Rb7+ Ke8 53. Kf4 Rh3 54. e4 Rxh4+ 55. Kg5 Rh3 56. f4 Rc3 57. f5 gxf5 58. exf5 Rc6 59. Kxh5 Kf8 60. Kg5 Kg7 61. Re7 Ra6 62. Rd7 Rb6 63. Rc7 Ra6 64. Rd7 Rb6 65.
Rc7 Ra6 66. Rd7 1/2-1/2

[Event "*** Titled Tuesday Blitz"]
[Site "Chess.com"]
[Date "2021.02.02"]
[Round "7"]
[White "Manukyan_Artak"]
[Black "ZenBull"]
[Result "1-0"]
[WhiteElo "2420"]
[BlackElo "2235"]
[TimeControl "180+1"]
[EndTime "11:20:31 PST"]
[Termination "Manukyan_Artak won by resignation"]

1. e4 c5 2. Nf3 e6 3. c3 Nf6 4. e5 Nd5 5. d4 cxd4 6. cxd4 b6 7.
Nc3 Nxc3 8. bxc3 Qc7 9. Bd2 Bb7 10. Bd3 d6 11. O-O Nd7 12. Re1 dxe5 13. Nxe5 Nxe5 14. Rxe5 Bd6 15. Rh5 g6 16. Rh3 O-O 17. Qg4 f5 18. Qh4 Rf7 19. Re1 Qd7 20. Bc4 Bd5 21. Bxd5 exd5 22. Rhe3 Raf8 23. Re6 Rd8 24. Bg5 Rc8 25. Bh6 Bf8 26. Bxf8 Rcxf8 27. Re7 Qc6 28. Qg3 Rc8 29. Rxf7 Kxf7 30. Re3 Re8 31. h4 Rxe3 32. Qxe3 Qe6 33.
Qf4 Qe1+ 34. Kh2 Qxc3 35. Qe5 Qc6 36. g3 a5 37. h5 Qe6 38. Qc7+ Kg8 39. h6 Qf6 40.
Qc8+ Qf8 41. Qe6+ Kh8 42. Qe5+ Kg8 43. Qxd5+ Kh8 44. Qe5+ Kg8 45. Kg2 Qxh6 46. Qb8+ Qf8 47.
Qxb6 Qa8+ 48. Kh2 Qf3 49. Qb8+ Kg7 50. Qe5+ Kf7 51. Qe3 Qd5 52. a3 Qe6 53. Qc3 Qd5 54. Qc7+ Kf6 55. Qxh7 Qf3 56. Qh4+ Kf7 57. Qf4 Qxf4 58.
gxf4 Ke6 59. Kg3 Kd5 60. Kh4 Kxd4 61. Kg5 Ke4 62. a4 Kf3 63. Kxg6 Kxf4 64. Kf6 Ke4 65. Kg5 f4 66. Kg4 Kd4 67. Kxf4 Kc4 68. Ke5 Kb4 69. f4 Kxa4 70. f5 Ka3 71. f6 Ka4 72. f7 Ka3 73. f8=Q+ Ka4 74. Kd4 1-0

[Event "*** Titled Tuesday Blitz"]
[Site "Chess.com"]
[Date "2021.02.02"]
[Round "7"]
[White "Volodar_Murzin"]
[Black "Jospem"]
[Result "0-1"]
[WhiteElo "2623"]
[BlackElo "3033"]
[TimeControl "180+1"]
[EndTime "11:20:33 PST"]
[Termination "Jospem won on time"]

1. e4 e5 2. Nf3 Nc6 3. Bb5 a6 4. Ba4 Nf6 5. O-O Nxe4 6. d4 Be7 7. Re1 b5 8. Rxe4 d5 9. Nxe5 Nxe5 10. Rxe5 bxa4 11. b3 O-O 12. Ba3 Bxa3 13. Nxa3 Re8 14. Rxe8+ Qxe8 15. Nb1 Qc6 16. Qd2 Bf5 17. Nc3 a3 18.
Re1 f6 19. f3 h5 20. Kf2 Kf7 21. Nb1 Qd6 22. Kg1 c5 23. Nxa3 cxd4 24. Qxd4 Rd8 25. Nb1 Bxc2 26. Nc3 Bf5 27. Rd1 Be6 28. Ne4 Qe5 29.
Nc5 Bc8 30. b4 Qe2 31. Qd2 Qe5 32. Nb3 h4 33. Nd4 Bd7 34. Re1 Qd6 35. a3 h3 36.
g3 Rc8 37. Rc1 Rc4 38. Kf2 Ba4 39. Rxc4 dxc4 40. Qe3 Qd5 41. Qe4 Qxe4 42. fxe4 Ke7 43. Ke3 Kd6 44. Ne2 Ke5 45. Nf4 Bc6 46. Ng6+ Kd6 47.
Kd4 c3 48. Kxc3 Bxe4 49. Nf4 Bf5 50. Kd4 g5 51. Nh5 Ke7 52. Ng7 Bd7 53. Ke4 Kf7 54. Nf5 Bc6+ 55. Kd4 Ke6 56. Ng7+ Kf7 57. Nf5 Ke6 58.
Ne3 f5 59. Nd1 f4 60. gxf4 gxf4 61. Nf2 Bg2 62. a4 Kf5 63. b5 a5 0-1

[Event "*** Titled Tuesday Blitz"]
[Site "Chess.com"]
[Date "2021.02.02"]
[Round "7"]
[White "OK97"]
[Black "dropstoneDP"]
[Result "0-1"]
[WhiteElo "2779"]
[BlackElo "2952"]
[TimeControl "180+1"]
[EndTime "11:20:37 PST"]
[Termination "dropstoneDP won by resignation"]

1. d4 Nf6 2. c4 g6 3. Nc3 d5 4.
cxd5 Nxd5 5. e4 Nxc3 6. bxc3 Bg7 7. Qa4+ Nd7 8. Nf3 O-O 9. Qa3 e5 10. Bd3 exd4 11. cxd4 c5 12. Bg5 Bf6 13. Bxf6 Qxf6 14. e5 Qd8 15. O-O cxd4 16. Rad1 Qb6 17. Bc4 Qc5 18.
Qxc5 Nxc5 19. Nxd4 Bg4 20. f3 Bd7 21. Nb3 Be6 22. Bxe6 Nxe6 23. Rd7 b6 24. Rc1 Rfd8 25. Rcd1 Kf8 26. Kf2 Ke8 27. Rxd8+ Rxd8 28. Rxd8+ Kxd8 29. Ke3 Kd7 30. f4 Kc6 31. Ke4 a5 32. g4 Kd7 33.
f5 gxf5+ 34. gxf5 Nc7 35. Nd4 b5 36. h4 a4 37. a3 b4 38. axb4 a3 39. Nc2 a2 40.
Kd3 Nb5 41. Na1 Kc6 42. Kc4 Nc7 43. Kb3 Kd5 44. e6 f6 45. Kxa2 Ke5 46. b5 Nxb5 47. Nc2 Nc7 48. Kb3 Kxf5 49. Nd4+ Ke5 50. Kc4 Nxe6 51.
Nf3+ Kf4 52. Nd2 Kg4 53. Kd5 Nf4+ 54. Kd6 h5 55. Ke7 f5 56. Kf6 Nd5+ 57. Ke5 Ne3 58. Nb3 f4 59. Ke4 Ng2 60. Nd4 Nxh4 61. Ne6 Ng6 62.
Nd4 h4 63. Nf3 h3 64. Nh2+ Kg3 65. Nf1+ Kg2 0-1

[Event "*** Titled Tuesday Blitz"]
[Site "Chess.com"]
[Date "2021.02.02"]
[Round "7"]
[White "Saxar85"]
[Black "Korchmar_Vasiliy"]
[Result "1/2-1/2"]
[WhiteElo "2796"]
[BlackElo "2596"]
[TimeControl "180+1"]
[EndTime "11:20:38 PST"]
[Termination "Game drawn by repetition"]

1. Nf3 c5 2. e3 g6 3. d4 Bg7 4. d5 Nf6 5. Nc3 O-O 6. Bc4 d6 7.
O-O Na6 8. h3 Nc7 9. a4 b6 10.
e4 a6 11. Re1 Rb8 12. e5 Nfe8 13. Bg5 f6 14. exf6 exf6 15. Bf4 g5 16. Bd2 h6 17.
Qe2 Rf7 18. Rab1 Bd7 19. Bxa6 Nxa6 20. Qxa6 b5 21. Nxb5 Ra8 22. Rxe8+ Qxe8 23. Qxd6 Bxb5 24. axb5 Qxb5 25. Bc3 Re8 26. Rd1 Rd7 27. Qg3 Qb7 28.
d6 Re6 29. h4 Qc6 30. hxg5 hxg5 31. Ra1 Rexd6 32. Qg4 Rd1+ 33. Rxd1 Rxd1+ 34. Kh2 Qd6+ 35. g3 Qd7 36. Qc4+ Qd5 37. Qg4 f5 38. Qh5 Bxc3 39.
bxc3 g4 40. Qg5+ Kf7 41. Qh5+ Kg8 42. Qg6+ Kf8 43. Qf6+ Ke8 44. Qh8+ Kd7 45. Qg7+ Kc8 46. Qf8+ Kb7 47. Qe7+ Kb8 48. Qe8+ Kb7 49. Qb5+ Kc8 50.
Qa6+ Kc7 51. Qa7+ Kd8 52. Qb8+ Kd7 53. Qa7+ Ke8 54. Qb8+ Ke7 55. Qc7+ Ke8 56. Qc8+ Ke7 57.
Qc7+ Kf6 58. Qb6+ Kg7 59. Qc7+ Kf6 60. Qb6+ Kf7 61. Qc7+ Kg8 62. Qc8+ Kg7 63. Qc7+ Kf8 64. Qc8+ Ke7 65. Qc7+ 1/2-1/2

[Event "*** Titled Tuesday Blitz"]
[Site "Chess.com"]
[Date "2021.02.02"]
[Round "7"]
[White "Man-Chuk"]
[Black "nrvisakh"]
[Result "1-0"]
[WhiteElo "2921"]
[BlackElo "2741"]
[TimeControl "180+1"]
[EndTime "11:20:39 PST"]
[Termination "Man-Chuk won by resignation"]

1. c4 Nf6 2. Nc3 g6 3. g3 Bg7 4. Bg2 O-O 5. Nf3 c6 6. d4 d5 7. cxd5 cxd5 8. Ne5 Nc6 9. O-O Ng4 10. Nxc6 bxc6 11. h3 Nf6 12. b3 Re8 13. Bb2 h5 14.
Rc1 Bf5 15. Na4 Rc8 16. Nc5 Nd7 17. Qd2 Nxc5 18. Rxc5 e5 19. dxe5 Bxe5 20. Bxe5 Rxe5 21. Rfc1 Qd7 22. h4 Be4 23. Qd4 Rce8 24. e3 g5 25. Rxc6 gxh4 26. Bxe4 Rxe4 27. Qf6 Rg4 28.
Rd6 Qe7 29. Qxe7 Rxe7 30. Rxd5 hxg3 31. f3 Rh4 32. Kg2 Rxe3 33. Kxg3 Rb4 34. Rxh5 Re6 35. Rg5+ Kf8 36. Rc8+ Re8 37. Rc7 Re7 38. Rgc5 Rb7 39. Rxb7 Rxb7 40. Ra5 Kg7 41. Kf4 Kg6 42. Ra6+ f6 43. Kg4 Rb4+ 44. f4 Rb7 45. Ra5 Rc7 46. f5+ Kh6 47. Ra6 Kg7 48. Kf4 Rd7 49. a3 Re7 50. b4 Kf7 51. b5 Kg7 52. a4 Rc7 53. Ke4 Re7+ 54. Kd5 Rd7+ 55. Kc6 Re7 56. a5 Kh6 57. b6 axb6 58. axb6 Kg5 59. Ra5 Re1 60. b7 Rc1+ 61. Rc5 Rb1 62. Rb5 1-0

[Event "*** Titled Tuesday Blitz"]
[Site "Chess.com"]
[Date "2021.02.02"]
[Round "7"]
[White "Mazanchenko_Dmitry"]
[Black "A-S-00"]
[Result "0-1"]
[WhiteElo "2143"]
[BlackElo "2330"]
[TimeControl "180+1"]
[EndTime "11:20:40 PST"]
[Termination "A-S-00 won by checkmate"]

1. e4 c5 2. Ne2 e6 3. Nbc3 Nc6 4.
d4 cxd4 5. Nxd4 Nf6 6. Ndb5 Bb4 7.
a3 Bxc3+ 8. Nxc3 d5 9. exd5 exd5 10. Bd3 O-O 11. O-O Bg4 12. f3 Bh5 13. Kh1 h6 14. b4 d4 15. Ne4 Nd5 16. Ng3 Bg6 17. Bxg6 fxg6 18. Qd3 g5 19. h4 gxh4 20. Nh5 Qe8 21. g4 hxg3 22. Nxg3 Nf4 23. Qc4+ Kh8 24. Rg1 Ne5 25. Qc7 Rc8 26. Qxb7 Rxc2 27. Qe4 Rc8 28. Bxf4 Nc6 29. Qxe8 Rcxe8 30. Bd6 Rxf3 31. Raf1 Rxf1 32. Rxf1 d3 33. Rd1 Re3 34. Bf4 Rf3 35.
Bc7 Nd4 36. Kg2 Re3 37. Kf2 Nc2 38. Rd2 Re7 39. Rxd3 Rxc7 40. Nf5 Kh7 41. Nd6 h5 42. Nf5 g6 43. Ng3 h4 44. Ne4 Kh6 45. Rd5 Rf7+ 46.
Ke2 Re7 47. Kd3 Ne1+ 48. Ke3 Ng2+ 49. Kd3 h3 50. Rd6 Nf4+ 51. Ke3 h2 52. Rd8 Nh5 53. Rh8+ Kg7 54. Kf3 h1=Q+ 55. Kf2 Qxe4 56. Rh7+ Kxh7 57. Kg1 Qf3 58. Kh2 Re2+ 59. Kg1 Qg2# 0-1

[Event "*** Titled Tuesday Blitz"]
[Site "Chess.com"]
[Date "2021.02.02"]
[Round "7"]
[White "RD4ever"]
[Black "pheonixking2000"]
[Result "0-1"]
[WhiteElo "2842"]
[BlackElo "2737"]
[TimeControl "180+1"]
[EndTime "11:20:42 PST"]
[Termination "pheonixking2000 won by resignation"]

1. d4 Nf6 2. c4 e6 3. Nf3 d5 4. g3 dxc4 5. Bg2 a6 6. Ne5 c5 7.
Be3 Nd5 8. Nc3 Nxe3 9. fxe3 Nd7 10. Nxc4 Rb8 11. a4 b6 12. O-O Be7 13. d5 exd5 14. Qxd5 O-O 15. Rad1 Qc7 16. Qd2 Nf6 17. Nd5 Nxd5 18.
Bxd5 Bh3 19. Rf3 b5 20. axb5 axb5 21. Qa5 Qxa5 22. Nxa5 Bf6 23. b3 Bg4 24. Rf2 Rbe8 25. Rd3 Bh5 26. Bc6 Re6 27. Bxb5 Bg6 28. Rd7 Rxe3 29.
Bc4 Bd4 30. Kf1 Rc3 31. Rf4 Be3 32. Rf3 Be4 33. Rdxf7 Rc1+ 34. Kg2 Rxf7 35. Bxf7+ Kf8 36. Bd5+ Bxf3+ 37. Kxf3 Bg1 38. h4 Rc3+ 39. Kg2 Bd4 40. Nc6 Re3 41. Bc4 Ke8 42. Na7 Be5 43. Nc6 Bxg3 44.
h5 Bd6 45. Bd3 Kd7 46. Na5 Rg3+ 47. Kf2 Rg5 48. Bxh7 Rxh5 49. Be4 Rh2+ 50. Kf3 Ke6 51. Bd3 g5 52. Nc4 Rh3+ 53. Kg4 Rg3+ 54. Kh5 Bf4 55. Nb6 Rh3+ 56. Kg4 Rg3+ 57. Kh5 Rg1 58. Na4 Be3 59. Nc3 g4 60. Ne4 g3 61. Kh4 Bf4 62.
Kh3 Ke5 63. Nxc5 Rh1+ 64. Kg2 Rh2+ 65. Kf3 Rf2+ 66. Kg4 g2 0-1

[Event "*** Titled Tuesday Blitz"]
[Site "Chess.com"]
[Date "2021.02.02"]
[Round "7"]
[White "BahadirOzen"]
[Black "anantone"]
[Result "1/2-1/2"]
[WhiteElo "2725"]
[BlackElo "2550"]
[TimeControl "180+1"]
[EndTime "11:20:44 PST"]
[Termination "Game drawn by agreement"]

1. g3 g6 2. Bg2 Bg7 3. d3 c5 4. Nf3 Nc6 5. O-O d6 6. c3 Nf6 7.
d4 O-O 8. dxc5 dxc5 9. Nbd2 Be6 10. Re1 Qd7 11. Ng5 Rfd8 12. Nxe6 Qxe6 13. Qb3 Qd7 14.
Nc4 Rac8 15. a4 b6 16. h3 Qe6 17. Qa2 Ne4 18. Bf4 Nxc3 19. bxc3 Bxc3 20. Rec1 Bxa1 21.
Rxa1 Nb4 22. Qb3 Rd4 23. Rc1 Rcd8 24. Be3 R4d7 25. Kh2 h5 26. h4 Nd5 27. Bh3 f5 28. Bg5 Qxe2 29. Rc2 Qe6 30. Ne3 Nf4 31. Qxe6+ Nxe6 32. Nc4 Nxg5 33. hxg5 Rd4 34. Bg2 Kg7 35. Bf1 h4 36. f4 hxg3+ 37. Kxg3 Rd1 38. Be2 Rb1 39. Ne5 Rb3+ 40. Kg2 Rd4 41. Bc4 Ra3 42. Bb5 Rxf4 43. Rd2 Re4 44. Nc4 Rc3 45. Rd7 Rexc4 46. Bxc4 Rxc4 47.
Rxe7+ Kf8 48. Rxa7 Rc2+ 49. Kf3 Rc4 50. Ra6 Rb4 51.
a5 bxa5 52. Rxg6 a4 53. Rf6+ Ke7 54. Rxf5 Kd6 55. g6 Rb8 56. Rf4 Ra8 57. g7 Rg8 58. Rxa4 Rxg7 59. Ke3 Kd5 60. Kd3 Rg3+ 61. Kd2 c4 62. Ra8 Rd3+ 63. Kc2 Rh3 64. Kd2 Kd4 65. Rd8+ Kc5 66. Rc8+ Kb4 67. Kc2 Kb5 68. Rb8+ Kc5 69. Rc8+ Kd4 70. Rd8+ Kc5 71. Rc8+ Kd4 72. Rd8+ 1/2-1/2

[Event "*** Titled Tuesday Blitz"]
[Site "Chess.com"]
[Date "2021.02.02"]
[Round "7"]
[White "LubovMarkelova"]
[Black "dopolian"]
[Result "1/2-1/2"]
[WhiteElo "2256"]
[BlackElo "2426"]
[TimeControl "180+1"]
[EndTime "11:20:47 PST"]
[Termination "Game drawn by repetition"]

1. Nf3 Nf6 2. c4 c5 3. Nc3 b6 4. g3 Bb7 5. Bg2 e6 6. O-O Be7 7. Re1 d5 8. cxd5 Nxd5 9. Nxd5 Qxd5 10. d4 cxd4 11. Qxd4 Qxd4 12. Nxd4 Bxg2 13. Kxg2 O-O 14. Be3 Nd7 15. Rac1 Rfc8 16. Nb5 a6 17. Rcd1 Nc5 18. Nd6 Rc6 19. Nc4 b5 20. Ne5 Rc7 21. Bf4 g5 22.
Be3 Na4 23. Rd2 Bb4 24. Red1 Bxd2 25. Rxd2 f6 26. Nf3 Kf7 27. b3 Nc5 28. Rd6 Ne4 29. Rb6 Nc3 30. Nd4 e5 31. Nf5 Nd5 32. Rd6 Nxe3+ 33.
Nxe3 Ke7 34. Rb6 Rd7 35. Nf5+ Kf7 36. Nd6+ Kg7 37. e4 Raa7 38. Nf5+ Kg6 39. Kf3 h5 40. Ne3 Rac7 41. Nd5 Rxd5 42. exd5 Kf5 43. Rxa6 Rc3+ 44. Kg2 Rd3 45. d6 b4 46. Rb6 Rd2 47. Rxb4 Rxa2 48. d7 Rd2 49. Rb7 Ke6 50. Kf3 Rd3+ 51. Ke4 Rd4+ 52.
Ke3 h4 53. b4 hxg3 54. hxg3 f5 55. b5 f4+ 56. gxf4 gxf4+ 57. Ke2 e4 58. b6 Rxd7 59.
Rxd7 Kxd7 60. Kd2 Kc6 61. Kc3 Kxb6 62. Kd4 e3 63. fxe3 f3 64. Kd3 Kc5 65. e4 Kd6 66.
Ke3 f2 67. Kxf2 Ke5 68. Kf3 Ke6 69. Ke3 Ke5 70. Kd3 Ke6 71. Kd4 Kd6 72. e5+ Ke6 73.
Ke4 Ke7 74. Kf4 Ke6 75. Ke4 Ke7 76. Kd4 Ke6 77. Ke4 1/2-1/2

[Event "*** Titled Tuesday Blitz"]
[Site "Chess.com"]
[Date "2021.02.02"]
[Round "7"]
[White "Witik"]
[Black "boasovietica"]
[Result "1-0"]
[WhiteElo "2765"]
[BlackElo "2506"]
[TimeControl "180+1"]
[EndTime "11:20:49 PST"]
[Termination "Witik won on time"]

1. e4 e5 2. Nf3 Nc6 3. Nc3 Nf6 4. Bb5 Bb4 5. O-O O-O 6. d3 d6 7.
Ne2 Bg4 8. c3 Ba5 9. Ng3 Ne7 10.
h3 Bd7 11. Bc4 Be6 12. Bxe6 fxe6 13. Qb3 Qc8 14. d4 exd4 15. Nxd4 d5 16. Bg5 c5 17. Nf3 h6 18. Bxf6 Rxf6 19. Rfe1 Qd7 20. Rad1 Rd8 21. Ne5 Qc7 22. Ng4 Rf7 23. exd5 exd5 24. Re6 Bb6 25. c4 dxc4 26. Rxd8+ Qxd8 27. Qxc4 Qd1+ 28.
Kh2 Qd5 29. Qe2 Nf5 30. Re8+ Kh7 31. Re5 Qd7 32. Qe4 g6 33. Re6 Bc7 34. Nf6+ Rxf6 35. Rxf6 Kg7 36. Re6 Kf7 37. Re5 Bxe5 38. Qxe5 Qd6 39.
Qe4 Nxg3 40. Qxb7+ Kf6 41. fxg3 a6 42. b3 h5 43. h4 Kf5 44. Qf3+ Ke6 45. Qe4+ Kd7 46. Qf4 Qe6 47. Qf3 Kc7 48. Qf4+ Kb6 49. Qg5 Kb5 50.
Qd2 Kb6 51. Qd3 Kb7 52. Qc4 Qxc4 53. bxc4 Kb6 54. g4 hxg4 55. Kg3 Ka5 56. Kxg4 Kb4 57. Kg5 Kxc4 58. Kxg6 Kd4 59. h5 c4 60. h6 c3 61.
h7 c2 62. h8=Q+ Kd3 63. Qb2 Kd2 64. g4 Kd1 65. g5 c1=Q 66. Qxc1+ Kxc1 67. Kf5 Kb2 68. g6 Kxa2 69. g7 a5 70. g8=Q+ Ka3 71. Qc4 a4 72. Ke4 Kb2 73. Qxa4 1-0

[Event "*** Titled Tuesday Blitz"]
[Site "Chess.com"]
[Date "2021.02.02"]
[Round "7"]
[White "ketster"]
[Black "AliKa2810"]
[Result "1/2-1/2"]
[WhiteElo "2391"]
[BlackElo "2564"]
[TimeControl "180+1"]
[EndTime "11:20:49 PST"]
[Termination "Game drawn - insufficient material"]

1. d4 d5 2. c4 c6 3. cxd5 cxd5 4. Bf4 Nc6 5. e3 Nf6 6. Nc3 e6 7. Bd3 Bd6 8. Bxd6 Qxd6 9. f4 O-O 10. Nf3 Bd7 11. O-O Rfc8 12. Rc1 a6 13. Ne5 Ne7 14.
Qf3 b5 15. a3 Be8 16. g4 Nd7 17. Qh3 Nf8 18. f5 f6 19. fxe6 Qxe6 20. Bf5 Nxf5 21.
gxf5 Qe7 22. Ng4 Bf7 23. Qg2 Kh8 24. Nxd5 Bxd5 25. Qxd5 h5 26. Nf2 Qxe3 27. Rce1 Qg5+ 28. Kh1 Rd8 29. Qe4 Rac8 30. Nh3 Qd2 31. Qf3 Rxd4 32. Qxh5+ Kg8 33. Re7 Qh6 34. Qxh6 gxh6 35. Nf4 Nh7 36. Ne6 Rh4 37. Rg1+ Ng5 38. Rg7+ Kh8 39.
Rg6 Rc2 40. Rg2 Rc1+ 41. Rg1 Rc2 42. Rg2 Rc1+ 43. Rg1 Rxg1+ 44. Kxg1 Rg4+ 45. Kf1 Rh4 46. Rxf6 Rxh2 47. Nxg5 hxg5 48. Rxa6 Rxb2 49. Rb6 Rb3 50. a4 bxa4 51. Ra6 a3 52. f6 Kg8 53. Ra7 Kf8 54. Kg2 g4 55. Kf2 Ke8 56. Kg2 Kf8 57. Kf2 Rf3+ 58. Kg2 Kg8 59. Kh2 Kf8 60. Kg2 Ke8 61. Kh2 Rxf6 62. Rxa3 Kf7 63. Kg3 Kg6 64.
Ra7 Kf5 65. Ra5+ Ke4 66. Kxg4 Rg6+ 67. Kh5 Rg1 68. Rg5 Rxg5+ 69. Kxg5 1/2-1/2

[Event "*** Titled Tuesday Blitz"]
[Site "Chess.com"]
[Date "2021.02.02"]
[Round "7"]
[White "frederiksvane"]
[Black "MITerryble"]
[Result "0-1"]
[WhiteElo "2757"]
[BlackElo "2928"]
[TimeControl "180+1"]
[EndTime "11:20:50 PST"]
[Termination "MITerryble won by resignation"]

1. e4 e6 2. d4 d5 3. Nd2 Be7 4. Ngf3 Nf6 5. Bd3 c5 6. c3 Nc6 7. O-O cxd4 8. cxd4 dxe4 9. Nxe4 O-O 10. Be3 Nb4 11. Nxf6+ Bxf6 12. Be4 Nd5 13. Qb3 b6 14. Bxd5 exd5 15. h3 Re8 16. Rac1 Bb7 17. Bf4 Rc8 18.
Be5 Be7 19. Qa4 a6 20. Qb3 b5 21. Rxc8 Qxc8 22. Ne1 f6 23. Bf4 Qc4 24. Be3 Bc8 25. Nd3 Bf5 26. Nf4 Rd8 27. Rc1 Qxb3 28. axb3 g5 29. Ne2 Rc8 30. Nc3 Be6 31. Kf1 Kf7 32. Ke2 h5 33. f3 Rg8 34. g4 Rh8 35. Bf2 hxg4 36. hxg4 Rh2 37. Nd1 Bd6 38. Ne3 Bg3 39.
Rf1 Bd6 40. Rg1 Rh8 41. Bg3 Be7 42. Rc1 Ra8 43. Rc7 Ke8 44. Rc6 Kd7 45. Rc7+ Kd8 46. Rb7 Ke8 47. f4 gxf4 48. Bxf4 b4 49. Kf3 a5 50.
Rc7 a4 51. bxa4 Rxa4 52. Rb7 Ra2 53. Nd1 Ra1 54. Nf2 Rf1 55. Be3 Rg1 56. Ke2 Rg2 57.
Kf3 Rg1 58. Ke2 Bxg4+ 59. Nxg4 Rxg4 60. Kf3 Rh4 61. Rb5 Rh5 62. Kg4 Rh2 63. Kf5 Rxb2 64. Bf4 Rf2 65. Rxd5 b3 66. Rb5 b2 67. Ke4 Ba3 68.
Be3 Rf1 69. Rb8+ Kd7 70. Rb7+ Kc8 71. Rb3 b1=Q+ 72. Rxb1 Rxb1 0-1

[Event "*** Titled Tuesday Blitz"]
[Site "Chess.com"]
[Date "2021.02.02"]
[Round "7"]
[White "EugeneRougon"]
[Black "mjray79"]
[Result "0-1"]
[WhiteElo "2713"]
[BlackElo "2521"]
[TimeControl "180+1"]
[EndTime "11:20:50 PST"]
[Termination "mjray79 won on time"]

1. e4 d5 2. exd5 Qxd5 3. Nc3 Qa5 4. d4 Nf6 5. Nf3 Bf5 6. Bd2 c6 7. Bc4 e6 8. Nd5 Qd8 9. Nxf6+ Qxf6 10. Qe2 Bg4 11.
O-O-O Nd7 12. Bc3 Bxf3 13. gxf3 Qf4+ 14. Kb1 O-O-O 15. Qe4 Qc7 16. h4 h5 17. Rhg1 Nf6 18.
Qe2 Qf4 19. Rh1 Be7 20. Qe3 Qc7 21. Bd2 Nd5 22. Qe4 Bf6 23. c3 Rhe8 24. Rhg1 g6 25.
Bb3 e5 26. dxe5 Rxe5 27. Qc4 Re7 28. Rde1 Red7 29. Bc1 Nb6 30. Qf1 Bxh4 31. Bxf7 Rxf7 32. Qh3+ Qd7 33. Qxh4 Rxf3 34. Qe4 Rxf2 35. Qxg6 Nc4 36. Ka1 h4 37. Qe4 Nd2 38. Qxh4 Rdf8 39. Rd1 Qd5 40. Qh6 Rd8 41. Rg5 Nb3+ 42. axb3 Qxd1 43. Rg7 Rd7 44. Rg8+ Kc7 45. Ka2 Rf5 46. Bf4+ Kb6 47.
Be3+ Ka6 48. b4 Qa4+ 49. Kb1 Rd1+ 50. Bc1 Rff1 51. Rf8 Rxc1+ 52. Qxc1 Rxc1+ 53. Kxc1 Qa1+ 54. Kc2 Qa2 55. Rd8 Qc4 56. Rd4 Qe2+ 57. Kb3 Qe6+ 58. Kc2 Kb6 59. Rd2 Kc7 60. Rd4 b5 61. Rd2 Kb6 62. Rd4 a5 63. bxa5+ Kxa5 64. Rd2 Qf5+ 65. Kb3 c5 66. Ka2 Qe6+ 67. b3 Qe1 68. Rc2 Qd1 69.
Kb2 c4 70. b4+ Ka4 0-1